cohdb
Replays
Latest Replays
All Replays
Popular Replays
Top Player Replays
Match Explorer
How It Works
Community
CoH3 Stats
Reddit
Sign in to upload your games and track your stats! →
Sign in with Steam
Match 39902148
Unlisted
Match 39902148
Overview
Messages
Build Orders
End
Selects Breakthrough Battlegroup
Construct Infanterie Kompanie
Selects Assault Grenadiers
Grenadier Squad
Grenadier Squad
Grenadier Squad
Construct Panzergrenadier Kompanie
251 Medium Carrier
Selects 2.5-tonne Cargo Truck
2.5-tonne Cargo Truck
Pak 40 Anti-tank Gun Team
Pak 40 Anti-tank Gun Team
2.5-tonne Cargo Truck
251 Medium Carrier
Pioneer Squad
Construct Panzer Kompanie
Sturmpanzer IV Brummbär
Pak 40 Anti-tank Gun Team
Pak 40 Anti-tank Gun Team
Stoßtruppen Squad
Stoßtruppen Squad
Selects Blitzkrieg
Pak 40 Anti-tank Gun Team
Pak 40 Anti-tank Gun Team
Blacy
Moltke1871
Soy un inútil
BOTJA
Qatheeb al-Akbar
돈이사라지는마술
Vadice
Zannen
0
0
Comments
sign in to comment!
No comments posted yet!